Map: 16-Bit LE

Players

hutchyhutchy - Winner!

  • Race: Zerg Zerg
  • League: Diamond
  • Spawn Location: 7:00

ScalarX

  • Race: Terran Terran
  • League: Platinum
  • Spawn Location: 1:00

VOD

Have the link to the VOD?

Description

BibleThump

Time

  • Played on: July 22, 2018, 12:04 p.m.
  • Length: 24:19
Show
View Real Time Build Order
Export as new Build Order

hutchyhutchy Zerg - Winner!

Build Orders: Hatch First 

Get SALT Encoding   

  12  0:00  Drone  
  13  0:12  Overlord  
  13  0:18  Drone  
  14  0:31  Drone x2  
  14  0:34  Drone  
  17  0:53  Hatchery  
  17  0:57  Drone  
  17  1:00  Drone  
  18  1:10  Extractor  
  17  1:15  Spawning Pool  
  16  1:18  Drone  
  16  1:22  Drone  
  18  1:28  Drone  
  19  1:39  Overlord  
  19  1:49  Drone  
  20  2:05  Queen  
  20  2:06  Zergling x2, Queen  
  20  2:07  Zergling x2  
  26  2:11  Zergling x2  
  26  2:12  Metabolic Boost  
  27  2:18  Drone  
  28  2:26  Drone  
  30  2:30  Drone  
  30  2:50  Hatchery  
  29  2:54  Drone  
  29  2:55  Drone x3  
  29  2:56  Overlord  
  33  3:02  Overlord  
  33  3:11  Drone x2  
  35  3:20  Queen  
  35  3:26  Drone x2  
  39  3:27  Drone  
  39  3:31  Drone  
  41  3:35  Queen  
  43  3:45  Drone  
  43  3:46  Overlord  
  44  4:05  Queen  
  44  4:06  Overlord  
  44  4:07  Overlord  
  44  4:09  Drone x6  
  52  4:17  Lair  
  52  4:19  Overlord x2  
  52  4:32  Queen  
  54  4:38  Drone  
  54  4:39  Drone x8  
  54  4:44  Baneling Nest  
  62  4:48  Evolution Chamber  
  62  4:49  Queen  
  62  4:52  Evolution Chamber  
  62  4:59  Overlord  
  62  5:00  Spore Crawler  
  62  5:01  Spore Crawler  
  59  5:29  Extractor  
  59  5:32  Extractor  
  59  5:35  Drone x4  
  58  5:36  Drone x15  
  76  5:49  Hatchery  
  75  5:56  Queen x3  
  81  5:58  Zergling x12  
  87  6:04  Zerg Melee Weapons Level 1  
  87  6:13  Extractor  
  87  6:14  Extractor  
  87  6:16  Extractor  
  84  6:40  Drone x3  
  84  6:42  Drone  
  84  6:43  Drone x6  
  94  6:56  Centrifical Hooks  
  94  6:58  Zerg Ground Armor Level 1  
  94  6:59  Overlord x3  
  94  7:01  Hatchery  
  93  7:10  Baneling x5  
  93  7:11  Baneling x3  
  93  7:23  Overlord x3  
  93  7:24  Zergling x16  
  93  7:25  Zergling x4  
  103  7:34  Zergling x12  
  109  7:40  Hydralisk Den  
  109  7:43  Pneumatized Carapace  
  108  7:44  Overlord x3  
  108  8:00  Zerg Melee Weapons Level 2  
  108  8:09  Grooved Spines  
  108  8:26  Overlord x6  
  108  8:28  Hydralisk x9  
  126  8:36  Queen  
  126  8:38  Drone x8  
  126  8:39  Drone x3  
  139  8:46  Baneling x7  
  139  8:47  Baneling x2  
  139  8:50  Overseer  
  139  9:06  Infestation Pit  
  138  9:21  Muscular Augments  
  138  9:24  Zerg Ground Armor Level 2  
  138  9:27  Zergling x4  
  138  9:28  Zergling x38  
  159  9:37  Extractor  
  158  9:38  Extractor  
  158  9:39  Hydralisk x12  
  181  10:08  Spire  
  181  10:09  Hive  
  180  11:20  Overseer  
  180  11:21  Overseer  
  180  11:22  Hatchery  
  180  11:23  Hatchery  
  180  11:25  Greater Spire  
  178  11:26  Adrenal Glands  
  178  11:27  Zerg Melee Weapons Level 3  
  103  12:26  Hatchery  
  89  12:38  Zergling x16  
  89  12:39  Zergling x38  
  66  13:03  Baneling x8  
  66  13:04  Baneling x6  
  40  13:25  Hydralisk x14  
  40  13:26  Hydralisk x6  
  68  13:44  Zergling x6  
  71  13:52  Zerg Missile Weapons Level 1  
  71  13:53  Queen x2  
  71  13:54  Queen  
  59  14:16  Drone x9  
  68  14:31  Queen x3  
  68  14:32  Queen x2  
  78  14:38  Drone  
  78  14:39  Hatchery, Drone x8  
  78  14:40  Hatchery  
  85  15:10  Drone x13  
  98  15:22  Zerg Ground Armor Level 3  
  98  15:50  Extractor  
  97  16:00  Zergling x26  
  97  16:01  Zergling x30  
  125  16:10  Extractor  
  123  16:29  Overlord x4  
  123  16:30  Overlord x5  
  123  16:33  Drone x3  
  123  16:34  Drone x3  
  124  16:59  Overseer  
  122  17:28  Baneling  
  122  17:29  Baneling x23  
  122  17:30  Baneling x12  
  122  17:31  Zergling x26  
  122  17:32  Zergling x42  
  122  17:36  Zerg Flyer Armor Level 1  
  111  18:09  Drone x3  
  111  18:10  Drone x8  
  111  18:11  Drone x2  
  96  18:27  Zergling x8  
  96  18:28  Zergling x46  
  96  18:32  Zerg Missile Weapons Level 2  
  123  18:39  Extractor  
  122  18:44  Extractor  
  122  18:46  Extractor  
  120  18:51  Overlord x2  
  120  18:52  Overlord x2  
  120  19:10  Zergling x24  
  120  19:11  Zergling x18  
  141  19:24  Baneling x11  
  141  19:25  Baneling x4  
  141  19:30  Corruptor x7  
  151  20:11  Brood Lord x7  
  165  20:44  Hydralisk x9  
  165  20:45  Hydralisk x8  
  199  20:50  Zerg Missile Weapons Level 3  
  160  22:18  Zergling x36  
  160  22:19  Zergling x22  
  177  22:39  Queen x5  
  173  22:45  Corruptor x5  
  156  23:07  Zergling x4  
  156  23:08  Zergling x32  
  170  23:34  Brood Lord x5  
  171  24:07  Extractor  
  171  24:09  Extractor  
Show
View Real Time Build Order
Export as new Build Order

ScalarX Terran 

Build Orders:  

Get SALT Encoding   

  12  0:01  SCV  
  13  0:13  SCV  
  14  0:21  Supply Depot  
  14  0:26  SCV  
  15  0:31  Refinery  
  15  0:42  SCV  
  16  0:46  Barracks  
  16  0:54  SCV  
  17  1:06  SCV  
  18  1:19  SCV  
  19  1:31  SCV  
  20  1:36  Factory  
  20  1:42  Refinery, Supply Depot  
  20  1:50  SCV  
  21  2:03  Barracks Reactor  
  21  2:13  Command Center  
  21  2:17  SCV  
  22  2:24  Factory Tech Lab  
  22  2:36  SCV  
  22  2:40  Marine x2  
  22  2:43  Siege Tank  
  27  2:53  Orbital Command  
  27  2:59  Marine  
  27  3:00  Marine  
  29  3:20  Marine  
  29  3:25  Siege Tank, Supply Depot  
  33  3:32  Orbital Command  
  33  3:36  Marine  
  34  3:48  Starport  
  34  3:49  SCV  
  35  3:58  SCV  
  35  4:02  SCV  
  37  4:03  Marine  
  37  4:04  Marine  
  39  4:11  SCV  
  39  4:14  SCV  
  41  4:25  Barracks  
  41  4:28  Barracks  
  41  4:32  Supply Depot  
  41  4:33  SCV  
  41  4:34  Starport Reactor  
  42  4:39  SCV, Marine  
  42  4:40  Marine  
  45  4:53  Engineering Bay  
  45  5:02  Siege Tank  
  45  5:03  Marine x2  
  45  5:04  SCV  
  45  5:05  SCV  
  51  5:16  Barracks Tech Lab x2, SCV  
  51  5:17  SCV, Medivac x2  
  51  5:21  Marine x2  
  57  5:26  Supply Depot  
  59  5:28  SCV  
  59  5:31  Terran Infantry Weapons Level 1  
  59  5:34  SCV  
  61  5:41  SCV  
  62  5:44  Marauder x2  
  62  5:48  Refinery  
  66  5:50  Marine x2  
  66  5:55  SCV  
  66  5:56  Supply Depot, SCV  
  70  6:00  Supply Depot  
  70  6:03  Armory  
  70  6:08  Marine x2  
  70  6:09  Marine x2  
  74  6:12  Refinery  
  74  6:13  SCV  
  75  6:19  Medivac  
  75  6:24  Stimpack  
  77  6:26  Marine  
  78  7:01  Marauder x2, Marine x2  
  83  7:02  Siege Tank  
  83  7:03  Medivac  
  89  7:12  Command Center  
  89  7:14  Terran Vehicle Weapons Level 1  
  89  7:19  Marine  
  89  7:22  Marauder  
  92  7:26  Barracks  
  92  7:46  Supply Depot x3, SCV x2  
  92  7:49  Supply Depot  
  85  7:58  SCV x2  
  85  8:02  Terran Infantry Weapons Level 2  
  85  8:05  Engineering Bay  
  87  8:10  SCV  
  87  8:11  SCV  
  89  8:15  Factory  
  89  8:17  Barracks, Factory  
  89  8:21  Marauder, Marine x4  
  95  8:38  Marine  
  95  8:39  Marine  
  97  8:42  Marine x2  
  97  8:43  Marine  
  97  8:46  Hellbat  
  102  8:53  Supply Depot  
  102  8:54  Supply Depot  
  102  8:56  Marine x2  
  102  8:58  Terran Infantry Armor Level 1  
  102  9:00  Marine, Medivac x2  
  102  9:01  Marauder  
  102  9:02  Factory Reactor x2  
  111  9:05  Barracks  
  111  9:07  Hellbat  
  111  9:09  Infernal Pre-Igniter  
  113  9:25  Orbital Command  
  113  9:28  Marauder x2, Marine x3  
  120  9:33  Siege Tank  
  123  9:41  Supply Depot, Terran Vehicle And Ship Armor Level 1  
  123  9:42  SCV x2  
  123  9:43  Supply Depot  
  125  9:46  Supply Depot, Marine x2  
  125  9:50  Marauder  
  129  10:01  Refinery  
  129  10:02  Refinery, Hellbat  
  129  10:03  Hellbat x3  
  129  10:05  Hellbat  
  139  10:14  SCV x3  
  142  10:26  Hellbat  
  142  10:28  Drilling Claws  
  144  10:33  Starport  
  144  10:35  Starport  
  144  10:36  Marine x2  
  144  10:37  Marauder x2, Marine  
  144  10:42  Supply Depot  
  151  10:48  Hellbat  
  153  10:54  Marine x3  
  156  10:58  Marauder  
  158  11:06  Supply Depot  
  158  11:09  Hellbat  
  160  11:12  Marine  
  160  11:13  Marauder, Marine x2  
  160  11:15  Widow Mine x2  
  160  11:16  Widow Mine x2  
  173  11:19  Marauder  
  175  11:30  Supply Depot, Widow Mine, Marine x2  
  175  11:31  Starport Tech Lab  
  175  11:32  Starport Tech Lab  
  179  11:34  Marauder  
  179  11:37  Widow Mine  
  183  11:41  Marauder  
  179  11:51  Thor  
  185  11:55  Marauder  
  173  12:34  Thor  
  172  12:38  Marauder x2, Marine  
  151  12:56  Marine x3  
  146  12:59  Marauder x2  
  130  13:14  Marine  
  130  13:17  Thor  
  118  13:21  Marauder x2  
  108  13:33  Marine x2  
  103  13:40  Marine  
  100  13:42  Marauder x2  
  100  13:43  Hellbat x4  
  100  13:46  Barracks Tech Lab x2  
  106  13:48  Banshee  
  106  13:49  Banshee  
  106  13:50  Medivac x2  
  106  13:51  Marine x2  
  115  13:58  Marine  
  115  14:00  Hellbat  
  115  14:03  Marauder  
  115  14:04  Marauder, Hellbat  
  115  14:08  Marauder x2, Marine x2  
  111  14:16  Marine  
  106  14:20  Bunker, Medivac x2  
  106  14:21  Siege Tank  
  106  14:22  Bunker  
  106  14:23  Widow Mine x3  
  119  14:25  Marauder x2, Widow Mine  
  119  14:30  Marauder x2  
  129  14:33  Factory  
  129  14:40  Cloaking Field  
  129  14:44  Widow Mine  
  131  14:46  Marauder x2  
  131  14:50  Marine x3, Medivac  
  131  14:51  Marauder x2  
  131  14:52  Terran Infantry Armor Level 2, Terran Infantry Weapons Level 3  
  144  14:53  Siege Tank  
  144  14:54  Terran Vehicle And Ship Armor Level 2  
  147  15:07  Marine  
  147  15:08  Marauder x2, Marine x2  
  147  15:12  Marauder  
  147  15:13  Marauder  
  158  15:25  Marine x3  
  158  15:26  Siege Tank  
  164  15:29  Marauder, Marine  
  164  15:33  Marine  
  164  15:34  Marauder, Command Center  
  164  15:35  Refinery  
  170  15:38  Refinery  
  170  15:41  Command Center  
  170  15:43  Marine x2  
  170  15:47  Marauder, Factory Tech Lab  
  174  15:50  Marauder  
  174  15:52  Barracks Reactor  
  174  15:53  Marauder  
  174  15:55  Marine  
  179  15:58  Siege Tank  
  179  16:01  Marine x2  
  184  16:08  Marauder  
  186  16:11  Marine  
  187  16:24  Marine  
  187  16:25  Marauder x2, Marine  
  187  16:29  Siege Tank, Marine  
  187  16:30  Marauder  
  193  16:41  Marine x2  
  193  16:42  Marine x2  
  193  16:46  Marauder  
  199  16:54  Planetary Fortress  
  199  16:55  Planetary Fortress  
  189  17:50  Marine  
  189  17:51  Marauder x4, Marine x3  
  117  17:57  Thor  
  117  17:58  Widow Mine x2  
  103  18:08  Marine x2  
  103  18:09  Marine x2  
  103  18:12  Marauder x2, Marine x2  
  107  18:26  Marine x3  
  107  18:27  Marine  
  110  18:30  Marauder x2  
  110  18:31  Terran Vehicle And Ship Armor Level 3  
  110  18:34  Marauder x2, Raven x2  
  119  18:35  Medivac  
  125  18:44  Marine x4  
  129  18:52  Marauder x2  
  129  18:55  Marauder x2  
  137  19:02  Marine x4  
  141  19:13  Marauder x2  
  141  19:16  Marauder x2  
  149  19:19  Marine  
  150  19:27  Marine x3  
  153  19:34  Marauder  
  153  19:35  Marauder  
  153  19:37  Marine x2  
  153  19:38  Marauder  
  161  19:45  Marine  
  146  19:56  Marauder  
  146  19:57  Marauder x2, Marine x2  
  146  19:59  Marauder  
  147  20:01  Siege Tank x2  
  147  20:03  Widow Mine  
  147  20:04  Widow Mine  
  157  20:27  Hellbat  
  161  20:28  Hellbat  
  161  20:33  Siege Tank  
  161  20:34  Siege Tank  
  167  20:38  Orbital Command  
  167  20:44  Widow Mine x2  
  167  20:49  Widow Mine  
  173  20:55  Refinery  
  173  21:35  Marine x2  
  173  21:36  Marauder x2, Marine x4  
  178  21:46  Viking x4  
  164  21:53  Marine x3  
  164  21:54  Marine x2  
  129  22:10  Marauder x2, Marine  
  129  22:12  Marauder  
  119  22:15  Viking  
  119  22:16  Viking  
  68  22:45  Marauder, Marine  
  48  23:11  Widow Mine  
Tags
 
Matchup
TvZ
Spawn Locations
Cross Positions
Add a new tag
Caveats
  • Supply blocks, unpowered buildings, or Contaminate may cause inaccurate times.
  • Supply counts are checked every 10 seconds.